 Dungeon Crawl Stone Soup version 0.28.0-53-g5a82cb258f (webtiles) character file.

Game seed: 18136790526026138877

6951 Speronymus the Blocker (level 11, -3/87 HPs)
             Began as a Gnoll Fighter on July 20, 2022.
             Was an Elder of Ashenzari.
             Slain by a komodo dragon (16 damage)
             ... on level 9 of the Dungeon.
             The game lasted 00:41:28 (8491 turns).

Speronymus the Blocker (Gnoll Fighter)              Turns: 8491, Time: 00:41:28

Health: -3/87      AC: 18    Str: 22    XL:     11   Next: 7%
Magic:  19/19      EV: 12    Int:  9    God:    Ashenzari [****..]
Gold:   363        SH:  6    Dex: 11    Spells: 21/21 levels left

rFire   + . .      SeeInvis +   a - +0 war axe
rCold   . . .      Faith    .   c - +0 buckler of the Ruined Sage {Comp, Evo} (curse)
rNeg    . . .      Spirit   .   n - +0 plate armour
rPois   .          Reflect  .   r - +1 hat "Pessimism of Ashenzari" {Comp, Evo} (curse)
rElec   .          Harm     .   z - +1 cloak "Burden of Ashenzari" {Alch, Elem} (curse)
rCorr   .          Rampage  .   (no gloves)
Will    +....      Clarity  +   (no boots)
Stlth   ..........              s - amulet "Share My Irritation" {Regen+, Melee, Bglg} (curse)
HPRegen 1.04/turn               v - ring "Dogma of Ashenzari" {rF+, Fort, Comp} (curse)
MPRegen 0.16/turn               L - ring "Ensconced With Me" {Will+ EV+4 Str+3, Bglg, Range} (curse)

@: no status effects
A: fangs 1, strong nose, distributed training
a: Renounce Religion, Curse Item, Shatter the Chains


You were on level 9 of the Dungeon.
You worshipped Ashenzari.
Ashenzari was greatly pleased with you.
You visited 1 branch of the dungeon, and saw 9 of its levels.
You also visited: Ossuary.

You collected 363 gold pieces.

Inventory:

Hand Weapons
 a - a +0 war axe (weapon)
 g - a +2 short sword of freezing
 j - a +0 glaive of flaming
 A - a +2 spear of venom
 T - a +2 battleaxe of pain
Missiles
 E - 4 poisoned darts (quivered)
Armour
 b - a +0 scale mail
 c - the cursed +0 buckler of the Ruined Sage (worn) {Comp, Evo}

   It has a curse which improves the following skills: Companions: Summonings
   and Necromancy.
   Evocations: Evocations.
 n - a +0 plate armour (worn)
 o - a scarf of resistance
 r - the cursed +1 hat "Pessimism of Ashenzari" (worn) {Comp, Evo}
   (You found it on level 3 of the Dungeon)

   It has a curse which improves the following skills: Companions: Summonings
   and Necromancy.
   Evocations: Evocations.
 z - the cursed +1 cloak "Burden of Ashenzari" (worn) {Alch, Elem}
   (You found it on level 5 of the Dungeon)

   It has a curse which improves the following skills: Alchemy: Poison Magic and
   Transmutations.
   Elements:  Fire Magic, Ice Magic, Air Magic and Earth Magic.
 F - +0 steam dragon scales
Magical Staves
 f - a staff of poison
 y - a staff of air
Jewellery
 m - an amulet of the acrobat
 s - the cursed amulet "Share My Irritation" (around neck) {Regen+, Melee, Bglg}
   (You found it on level 3 of the Dungeon)

   [amulet of regeneration]

   Regen:     It increases your rate of health regeneration.
   It has a curse which improves the following skills: Melee Combat: Short
   Blades, Long Blades, Axes, Maces & Flails, Polearms, Staves and Unarmed
   Combat.
   Beguiling: Conjurations, Hexes and Translocations.
 v - the cursed ring "Dogma of Ashenzari" (left hand) {rF+, Fort, Comp}
   (You found it on level 4 of the Dungeon)

   [ring of protection from fire]

   rF:        It protects you from fire.
   It has a curse which improves the following skills: Fortitude: Armour and
   Shields.
   Companions: Summonings and Necromancy.
 x - a ring of willpower
 L - the cursed ring "Ensconced With Me" (right hand) {Will+ EV+4 Str+3, Bglg, Range}
   (You found it in an ossuary)

   [ring of evasion]

   EV:        It affects your evasion (+4).
   Str:       It affects your strength (+3).
   Will:      It increases your willpower.
   It has a curse which improves the following skills: Beguiling: Conjurations,
   Hexes and Translocations.
   Ranged Combat: Slings, Bows, Crossbows and Throwing.
 M - a +4 ring of protection
 U - a ring of protection from fire
 X - a +6 ring of intelligence
Wands
 I - a wand of paralysis (9)
 S - a wand of iceblast (13)
 V - a wand of digging (7)
Scrolls
 h - 2 scrolls of enchant weapon
 i - 9 scrolls of teleportation
 l - 3 scrolls of fog
 q - 7 scrolls of identify
 u - 3 scrolls of brand weapon
 C - 2 scrolls of fear
 D - 5 scrolls of enchant armour
 K - a scroll of summoning
 O - 2 scrolls of immolation
 P - a scroll of amnesia
 W - a scroll of magic mapping
Potions
 d - 3 potions of might
 e - 2 potions of heal wounds
 k - 2 potions of attraction
 p - a potion of resistance
 t - a potion of brilliance
 w - 3 potions of mutation
 B - a potion of magic
 G - 2 potions of berserk rage
 H - 2 potions of haste
 J - 2 potions of lignification
 N - 2 potions of curing
 Q - 2 potions of invisibility
 R - a potion of ambrosia


   Skills:
 + Level 8.9 Fighting
 + Level 5.9(7.9) Short Blades
 + Level 5.9(7.9) Long Blades
 + Level 7.6(9.6) Axes
 + Level 5.9(7.9) Maces & Flails
 + Level 5.9(7.9) Polearms
 + Level 5.9(7.9) Staves
 + Level 5.9(7.9) Slings
 + Level 5.9(7.9) Bows
 + Level 5.9(7.9) Crossbows
 + Level 5.9(7.9) Throwing
 + Level 8.9(10.9) Armour
 + Level 5.9 Dodging
 + Level 5.9 Stealth
 + Level 8.9(10.9) Shields
 + Level 5.9(7.9) Unarmed Combat
 + Level 5.9 Spellcasting
 + Level 4.9(7.7) Conjurations
 + Level 4.9(7.7) Hexes
 + Level 4.9(8.6) Summonings
 + Level 4.9(8.6) Necromancy
 + Level 4.9(7.7) Translocations
 + Level 4.9(6.8) Transmutations
 + Level 4.9(6.8) Fire Magic
 + Level 4.9(6.8) Ice Magic
 + Level 4.9(6.8) Air Magic
 + Level 4.9(6.8) Earth Magic
 + Level 4.9(6.8) Poison Magic
 + Level 6.5 Invocations
 + Level 5.9(8.9) Evocations


You had 21 spell levels left.
You didn't know any spells.
Your spell library contained the following spells:

 Spells                   Type           Power      Damage    Failure   Level
 Animate Skeleton         Necr           36%        N/A       10%         1
 Apportation              Tloc           32%        N/A       14%         1
 Magic Dart               Conj           64%        1d6       14%         1
 Sublimation of Blood     Necr           18%        N/A       14%         2
 Searing Ray              Conj           32%        2d5       21%         2
 Fulminant Prism          Conj/Hex       8%         3d7       80%         4
 Summon Ice Beast         Ice/Summ       16%        N/A       80%         4
 Alistair's Intoxication  Tmut/Pois      10%        N/A       99%         5
 Infestation              Necr           9%         N/A       100%        8


Dungeon Overview and Level Annotations

Branches:
Dungeon (9/15)             Temple (0/1) D:4         Ossuary (visited)
   Lair: D:8-11         Orc: D:9-12

Altars:
Ashenzari
Dithmenos
Gozag
Makhleb
Qazlal
Trog
Vehumet
Wu Jian

Shops:
D:8 (

Annotations:
D:5 exclusion: statue
D:6 1 runed translucent door, Crazy Yiuf
D:9 3 runed translucent doors, kthxbai's ghost, journeyman FoFi


Innate Abilities, Weirdness & Mutations

You have very sharp teeth.
Your uncanny sense of smell can sniff out nearby items.
Your experience applies equally to all skills.


Message History

The komodo dragon bites you!
You barely miss the komodo dragon.
The komodo dragon is moderately wounded.
You hit the vampire mosquito. The vampire mosquito misses you.
The vampire mosquito bites you but does no damage.
The komodo dragon bites you but does no damage.
You closely miss the komodo dragon.
The komodo dragon is moderately wounded.
You slash the vampire mosquito!
You destroy the vampire mosquito!
The komodo dragon bites you.
You slash the komodo dragon! Your bite misses the komodo dragon.
The komodo dragon is heavily wounded.
The komodo dragon hisses menacingly.
The komodo dragon bites you.
You hit the komodo dragon but do no damage.
The komodo dragon is heavily wounded.
You block the komodo dragon's attack.
You closely miss the komodo dragon.
The komodo dragon is moderately wounded.
You block the komodo dragon's attack.
You slash the komodo dragon!
The komodo dragon is heavily wounded.
The komodo dragon bites you!
You hit the komodo dragon but do no damage.
Your bite misses the komodo dragon.
The komodo dragon is heavily wounded.
The komodo dragon bites you!
You hit the komodo dragon but do no damage.
The komodo dragon is heavily wounded.
The komodo dragon bites you!!
* * * LOW HITPOINT WARNING * * *
You slash the komodo dragon!
The komodo dragon is almost dead.
The komodo dragon misses you.
You barely miss the komodo dragon.
The komodo dragon is almost dead.
The komodo dragon bites you but does no damage.
The komodo dragon bites you!
You die...

* ########################...#
,,.......................>...#
*,***######.#################..#
* ##.#################..# *
...#######.####### ##..# #
#.##.⌠.##........# #### ##... .
#.#K#.#.##.#####.####....####.#
.##.+K.#..[#.###.†..............#
....+KK...[#.###@#.####..........
....+{K#..{#.###l#.............##
....#K#.#.##............###.##)##
#..##W{{###............# #.#<.##
*#...#####.#............# #.#..##
###.###.##.#............# ######
........##.#.#########.## , ,,,,
#.##.#...#.#†### # {{
..##.#.#.#.#.####### * , , ,{


You could see a komodo dragon.

Vanquished Creatures
  A hydra (D:7)
  A two-headed ogre (D:9)
  Maggie (D:6)
  An unseen horror (D:6)
  Prince Ribbit (D:6)
  A shadow (D:9)
  Sigmund (D:6)
  A wraith (D:9)
  Eustachio (D:5)
  4 vampire mosquitoes (D:9)
  An acid dragon (D:9)
  2 orc warriors (D:8)
  2 black bears
  An ice beast (D:7)
  A hornet zombie (Ossuary)
  A necrophage (D:7)
  An ogre (D:4)
  A phantom (D:5)
  A centaur (D:8)
  A kobold brigand (D:8)
  A gnoll sergeant (D:5)
  4 bullfrogs
  A scorpion (D:3)
  2 elf skeletons (D:7)
  3 water moccasin zombies
  9 killer bees
  4 wights (D:8)
  2 bullfrog zombies
  3 howler monkeys (D:9)
  6 centaur zombies
  3 hounds
  A jelly (D:7)
  3 orc priests
  Jessica (D:2)
  A human skeleton (D:7)
  12 mummies (Ossuary)
  Natasha (thrice) (D:3)
  An iguana (D:4)
  An orc wizard (D:6)
  3 killer bee zombies
  A hound skeleton (D:5)
  3 howler monkey zombies
  6 gnolls
  3 adders
  A shadow imp (D:3)
  A white imp (D:7)
  An ufetubus (D:5)
  5 worms
  3 dart slugs
  38 orcs
  6 endoplasms
  5 giant cockroaches
  5 goblins
  5 hobgoblins
  4 jackals (D:2)
  10 kobolds
  6 quokkas
  3 ball pythons
  10 bats
  7 frilled lizards
  2 orc skeletons (D:7)
  An orc zombie (D:7)
  5 rats
220 creatures vanquished.

Vanquished Creatures (others)
  54 plants (D:9)
  9 withered plants (Ossuary)
63 creatures vanquished.

Grand Total: 283 creatures vanquished

Notes
Turn   | Place    | Note
-------+----------+-------------------------------------------
     0 | D:1      | Speronymus the Gnoll Fighter began the quest for the Orb.
     0 | D:1      | Reached XP level 1. HP: 23/23 MP: 1/1
   281 | D:1      | Reached XP level 2. HP: 29/29 MP: 2/2
   961 | D:2      | Reached XP level 3. HP: 35/35 MP: 3/3
  1027 | D:2      | Reached skill level 1 in Invocations
  1086 | D:2      | Reached skill level 1 in Short Blades
  1086 | D:2      | Reached skill level 1 in Long Blades
  1086 | D:2      | Reached skill level 1 in Maces & Flails
  1086 | D:2      | Reached skill level 1 in Polearms
  1086 | D:2      | Reached skill level 1 in Staves
  1086 | D:2      | Reached skill level 1 in Slings
  1086 | D:2      | Reached skill level 1 in Bows
  1086 | D:2      | Reached skill level 1 in Crossbows
  1086 | D:2      | Reached skill level 1 in Throwing
  1086 | D:2      | Reached skill level 1 in Dodging
  1086 | D:2      | Reached skill level 1 in Stealth
  1086 | D:2      | Reached skill level 1 in Unarmed Combat
  1086 | D:2      | Reached skill level 1 in Spellcasting
  1086 | D:2      | Reached skill level 1 in Evocations
  1239 | D:2      | Reached XP level 4. HP: 41/41 MP: 5/5
  1262 | D:2      | Noticed Jessica
  1269 | D:2      | Killed Jessica
  1270 | D:2      | Reached skill level 1 in Conjurations
  1270 | D:2      | Reached skill level 1 in Hexes
  1270 | D:2      | Reached skill level 1 in Summonings
  1270 | D:2      | Reached skill level 1 in Necromancy
  1270 | D:2      | Reached skill level 1 in Translocations
  1270 | D:2      | Reached skill level 1 in Transmutations
  1270 | D:2      | Reached skill level 1 in Fire Magic
  1270 | D:2      | Reached skill level 1 in Ice Magic
  1270 | D:2      | Reached skill level 1 in Air Magic
  1270 | D:2      | Reached skill level 1 in Earth Magic
  1270 | D:2      | Reached skill level 1 in Poison Magic
  1270 | D:2      | Reached XP level 5. HP: 47/47 MP: 6/6
  1522 | D:3      | Found a burning altar of Makhleb.
  1559 | D:3      | Got the Guide on Congealing Evil Rituals
  1789 | D:3      | Found the +4 robe of Folly {Brilliance Will-∞ Int+8}
  1834 | D:3      | Reached XP level 6. HP: 46/53 MP: 8/8
  2008 | D:3      | Found a faded altar of an unknown god.
  2020 | D:3      | Got Plato's Reference Book on Translocation
  2112 | D:3      | Noticed Natasha
  2143 | D:3      | Killed Natasha
  2149 | D:3      | Noticed Natasha
  2157 | D:3      | Killed Natasha
  2158 | D:3      | Reached skill level 5 in Axes
  2202 | D:3      | Found a broken altar of Ashenzari.
  2212 | D:3      | Became a worshipper of Ashenzari the Shackled
  2269 | D:3      | Noticed Natasha
  2276 | D:3      | Killed Natasha
  2344 | D:4      | Found a shadowy altar of Dithmenos.
  2378 | D:4      | Reached XP level 7. HP: 24/59 MP: 10/10
  2554 | D:4      | Found a staircase to the Ecumenical Temple.
  3040 | D:5      | Entered Level 5 of the Dungeon
  3099 | D:5      | Found a bloodstained altar of Trog.
  3188 | D:5      | Noticed Eustachio
  3202 | D:5      | Killed Eustachio
  3223 | D:5      | Reached XP level 8. HP: 29/67 MP: 12/12
  3431 | D:5      | Found a radiant altar of Vehumet.
  3504 | D:5      | Found an opulent altar of Gozag.
  3584 | D:5      | Reached * piety under Ashenzari
  3593 | D:5      | Found an ornate altar of the Wu Jian Council.
  3765 | D:5      | Found a stormy altar of Qazlal.
  3987 | D:6      | Noticed Sigmund
  3992 | D:6      | Noticed Maggie
  4021 | D:6      | Killed Maggie
  4025 | D:6      | Killed Sigmund
  4233 | D:6      | Killed an unseen horror
  4234 | D:6      | Reached XP level 9. HP: 54/73 MP: 14/14
  4341 | D:6      | Reached ** piety under Ashenzari
  4379 | D:6      | Noticed Prince Ribbit
  4457 | D:6      | Killed Prince Ribbit
  5085 | D:6      | Found a runed translucent door.
  5086 | D:6      | Noticed Crazy Yiuf
  5513 | D:7      | Found a sand-covered staircase.
  5531 | Ossuary  | Entered an ossuary
  5695 | Ossuary  | Reached skill level 5 in Invocations
  5695 | Ossuary  | Identified the ring of Baynayri {Will+ EV+4 Str+3}
  6244 | D:7      | Reached XP level 10. HP: 69/80 MP: 17/17
  6559 | D:7      | Noticed a five-headed hydra
  6573 | D:7      | Killed a five-headed hydra
  6574 | D:7      | Reached skill level 5 in Short Blades
  6574 | D:7      | Reached skill level 5 in Long Blades
  6574 | D:7      | Reached skill level 5 in Maces & Flails
  6574 | D:7      | Reached skill level 5 in Polearms
  6574 | D:7      | Reached skill level 5 in Staves
  6574 | D:7      | Reached skill level 5 in Slings
  6574 | D:7      | Reached skill level 5 in Bows
  6574 | D:7      | Reached skill level 5 in Crossbows
  6574 | D:7      | Reached skill level 5 in Throwing
  6574 | D:7      | Reached skill level 5 in Dodging
  6574 | D:7      | Reached skill level 5 in Stealth
  6574 | D:7      | Reached skill level 5 in Unarmed Combat
  6574 | D:7      | Reached skill level 5 in Spellcasting
  6574 | D:7      | Reached skill level 5 in Evocations
  6995 | D:8      | Reached *** piety under Ashenzari
  7043 | D:8      | Found Gynongik's Weapon Boutique.
  7580 | D:8      | Reached **** piety under Ashenzari
  8006 | D:9      | Noticed a two-headed ogre
  8026 | D:9      | Killed a two-headed ogre
  8186 | D:9      | Identified the +1 plate armour "Bantu" {rPois rCorr Int+8}
  8270 | D:9      | Noticed a cyclops
  8348 | D:9      | Found a runed translucent gate.
  8348 | D:9      | Found a runed translucent gate.
  8348 | D:9      | Found a runed translucent gate.
  8348 | D:9      | Noticed a kobold demonologist
  8348 | D:9      | Noticed kthxbai's ghost (journeyman FoFi)
  8350 | D:9      | Noticed a kobold demonologist
  8445 | D:9      | Reached XP level 11. HP: 87/87 MP: 19/19
  8491 | D:9      | Slain by a komodo dragon

Illustrated notes

Levels and vault maps discovered:
D:1:      dpeg_arrival_water_fire, layout_loops_ring
D:2:      minmay_wonky_spiral, layout_rooms, uniq_jessica
D:3:      minmay_octagon_keep, layout_rooms, mainiacjoe_overflow_boulevard,
          mainiacjoe_overflow_cross_hatched,
          shapermc_ecumenical_altar_rom_forum, minmay_stone_trees_small,
          uniq_natasha
D:4:      layout_loops_ring, nicolae_dithmenos_shadow_blocks,
          minmay_temple_entry_drinking_statues
D:5:      layout_loops_ring, nicolae_qazlal_eye_of_the_storm, vehumet_statue,
          nicolae_wu_jian_glorious_leap, mainiacjoe_overflow_large_starburst,
          st_stairs_7, uniq_eustachio
D:6:      layout_basic, uniq_sigmund, uniq_crazy_yiuf_cottage,
          uniq_prince_ribbit1, uniq_maggie
D:7:      layout_basic, nicolae_ossuary_entry_catacombs
D:8:      nicolae_cairo_tiling_large, layout_basic, serial_shops,
          nicolae_inconvenience_store
D:9:      kennysheep_housing_project, layout_basic, elyvilon_altar_5,
          david_lair_shrubbed, gammafunk_ghost_nasty_kobolds,
          grunt_ministairs_10, minmay_misc_feat_encased, uniq_maurice

Skill      XL: |  1  2  3  4  5  6  7  8  9 10 |
---------------+-------------------------------+-----
Invocations    | 1 2 3 4 5 6 |  6.5
Short Blades   | 1 2 3 4 5 |  5.9
Long Blades    | 1 2 3 4 5 |  5.9
Maces & Flails | 1 2 3 4 5 |  5.9
Polearms       | 1 2 3 4 5 |  5.9
Staves         | 1 2 3 4 5 |  5.9
Slings         | 1 2 3 4 5 |  5.9
Bows           | 1 2 3 4 5 |  5.9
Crossbows      | 1 2 3 4 5 |  5.9
Throwing       | 1 2 3 4 5 |  5.9
Dodging        | 1 2 3 4 5 |  5.9
Stealth        | 1 2 3 4 5 |  5.9
Unarmed Combat | 1 2 3 4 5 |  5.9
Spellcasting   | 1 2 3 4 5 |  5.9
Evocations     | 1 2 3 4 5 |  5.9
Conjurations   | 1 2 3 4 |  4.9
Hexes          | 1 2 3 4 |  4.9
Summonings     | 1 2 3 4 |  4.9
Necromancy     | 1 2 3 4 |  4.9
Translocations | 1 2 3 4 |  4.9
Transmutations | 1 2 3 4 |  4.9
Fire Magic     | 1 2 3 4 |  4.9
Ice Magic      | 1 2 3 4 |  4.9
Air Magic      | 1 2 3 4 |  4.9
Earth Magic    | 1 2 3 4 |  4.9
Poison Magic   | 1 2 3 4 |  4.9
Axes           | 5 6 7 |  7.6
Fighting       | 7 8 |  8.9
Armour         | 7 8 |  8.9
Shields        | 7 8 |  8.9

Action                   |  1- 3 |  4- 6 |  7- 9 | 10-12 || total
-------------------------+-------+-------+-------+-------++-------
Melee: War axe           |   111 |   138 |   435 |   285 ||   969
       Bite              |     8 |    19 |    55 |    34 ||   116
       Short sword       |       |       |       |    12 ||    12
Throw: Throwing net      |       |       |     1 |       ||     1
       Dart              |       |       |     2 |     4 ||     6
Invok: Curse Item        |       |       |     4 |     2 ||     6
  Use: Potion            |       |       |     3 |     1 ||     4
       Scroll            |       |       |     1 |       ||     1
Armor: Scale mail        |    54 |    28 |       |       ||    82
       Plate armour      |       |    48 |   306 |   190 ||   544
Dodge: Dodged            |    49 |    55 |   125 |   196 ||   425
Block: Buckler           |    36 |    42 |   111 |   114 ||   303
